[Event "Late-Titled-Tuesday-Blitz-October-03-2023"]
[Site "Chess.com"]
[Date "2023.10.03"]
[Round "6"]
[White "Mesa_1"]
[Black "santosalberto1987"]
[Result "1/2-1/2"]
[WhiteElo "2621"]
[BlackElo "2513"]
[TimeControl "180+1"]
[EndTime "15:05:06 PDT"]
[Termination "Game drawn by repetition"]

1. Nf3 d5 2. d4 Nf6 3. c4 c6 4.
Nc3 dxc4 5. a4 Bf5 6. e3 e6 7.
Bxc4 Bb4 8. O-O Nbd7 9. Qe2 Bg6 10. Nh4 O-O 11. Nxg6 hxg6 12. Bd2 e5 13. Rad1 exd4 14. exd4 Nb6 15. Bb3 a5 16. Bf4 Nfd5 17. Be5 Re8 18. Qf3 f6 19. Bg3 Qd7 20. Bc2 Kf7 21. Ne4 Ne7 22.
Nc5 Bxc5 23. dxc5 Nbd5 24. Bb3 Qf5 25. Qc3 Kg8 26. Bd6 Kh7 27. Qc4 Nb4 28. Rd4 Ned5 29.
h3 Rad8 30. Bc7 Rd7 31. Bxa5 Na6 32. Bd2 Qe5 33. Bc2 Nac7 34. b4 Ne6 35. Rh4+ Kg8 36. Bxg6 Red8 37. Bc1 Nf8 38. Bc2 Qc3 39. Qxc3 Nxc3 40.
Bb3+ Nd5 41. Rd4 Ne6 42. Rdd1 Kf7 43. Rfe1 Ndc7 44. Rxd7+ Rxd7 45. Bf4 Nd5 46. Bd6 Rd8 47. b5 Ra8 48. bxc6 bxc6 49. Bxd5 cxd5 50. Rb1 Rxa4 51.
c6 Rc4 52. Rb7+ Kg6 53. c7 Kf5 54. Kf1 Ke4 55. Ke2 Rc2+ 56. Kd1 Rc6 57. Rb4+ d4 58. Rb8 Nxc7 59. Bxc7 Rxc7 60. Kd2 Ra7 61. Re8+ Kd5 62.
Rd8+ Kc4 63. Rc8+ Kd5 64. Rd8+ Kc4 65. Rc8+ Kd5 66. Rd8+ 1/2-1/2

[Event "Late-Titled-Tuesday-Blitz-October-03-2023"]
[Site "Chess.com"]
[Date "2023.10.03"]
[Round "6"]
[White "RebecaJimnz"]
[Black "Veleamater"]
[Result "1-0"]
[WhiteElo "2220"]
[BlackElo "2312"]
[TimeControl "180+1"]
[EndTime "15:05:07 PDT"]
[Termination "RebecaJimnz won by resignation"]

1. e4 d6 2. d4 g6 3. Nc3 Bg7 4. Be3 Nf6 5. f3 O-O 6. Qd2 Nc6 7. O-O-O e5 8. d5 Ne7 9. h4 h5 10. Bh6 a6 11. g4 Kh7 12. Bxg7 Kxg7 13. Be2 Rh8 14.
g5 Nd7 15. f4 exf4 16. Qxf4 Ne5 17. Qf6+ Kh7 18. Nf3 Rf8 19. Nxe5 dxe5 20. Qxe5 Qd6 21. Qd4 c5 22. Qe3 Re8 23. e5 Nf5 24. Qf2 Rxe5 25. Bd3 Bd7 26. Ne4 Qe7 27. Nxc5 Rxd5 28. Ne4 Kg7 29.
Rhe1 Be6 30. Nf6 Ra5 31. Nxh5+ Kf8 32. Nf4 Rxa2 33. Nxe6+ fxe6 34. Qf4 Ra1+ 35. Kd2 Rxd1+ 36. Kxd1 Rd8 37. Qe5 Kf7 38. Kc1 Rd5 39. Qe4 Qd6 40. Bc4 Rc5 41. Qxe6+ Qxe6 42. Bxe6+ Kg7 43. Bxf5 Rxf5 44.
Re7+ Kf8 45. Rxb7 Rf4 46. Rb6 Rxh4 47. Rxg6 a5 48. Ra6 a4 49. Kb1 Kf7 50. Ka2 Rb4 51. Ka3 Rc4 52. Rxa4 Rxc2 53. Re4 Rc1 54. b4 Kg6 55.
Ka4 Kxg5 56. b5 Kf5 57. Re2 Ra1+ 58. Kb4 Rb1+ 59. Kc5 Rc1+ 60. Kd6 Rc8 61. b6 Kf6 62. b7 Rd8+ 63. Kc7 Rd4 64. b8=Q Rc4+ 65. Kd6 Rd4+ 66. Kc5 1-0

[Event "Late-Titled-Tuesday-Blitz-October-03-2023"]
[Site "Chess.com"]
[Date "2023.10.03"]
[Round "6"]
[White "CarlosjPineror"]
[Black "ferrufino64"]
[Result "1-0"]
[WhiteElo "2509"]
[BlackElo "2226"]
[TimeControl "180+1"]
[EndTime "15:05:08 PDT"]
[Termination "CarlosjPineror won on time"]

1. d4 d5 2. c4 e6 3. Nf3 Nf6 4. g3 Be7 5. Bg2 O-O 6. O-O c6 7. Qc2 b6 8. Bf4 Ba6 9. Nbd2 Nbd7 10. Rac1 Rc8 11. Rfe1 c5 12. Qa4 Bb7 13. Qxa7 Bc6 14. Ne5 Nxe5 15. Bxe5 Ra8 16. Qc7 Qxc7 17. Bxc7 Rxa2 18.
Bxb6 Rxb2 19. cxd5 exd5 20. Bxc5 Bxc5 21. Rxc5 Rxd2 22. Rxc6 Rxd4 23. e3 Rd2 24. Rd6 Rd3 25.
Bf3 Rb8 26. Kg2 Kf8 27. Rd1 Rxd1 28. Bxd1 Ke7 29. Ra6 Rb2 30. Bf3 Rd2 31. Ra7+ Ke6 32. g4 h6 33. h4 g5 34. hxg5 hxg5 35. Ra8 Ke7 36. Ra7+ Ke6 37. Ra6+ Ke7 38. Kg3 d4 39. e4 Rd3 40. Kg2 Rd2 41. Ra7+ Nd7 42. Ra5 f6 43.
Ra7 Ke6 44. Ra6+ Kf7 45. Ra7 Ke6 46. Ra6+ Ke7 47. Ra7 d3 48. e5 Ke6 49. exf6 Nxf6 50.
Ra6+ Ke5 51. Ra5+ Ke6 52. Rxg5 Rb2 53. Ra5 d2 54. Ra6+ Ke5 55. g5 Ne4 56. g6 Ng5 57.
Ra5+ Kf6 58. g7 Nxf3 59. g8=Q d1=Q 60. Qf8+ 1-0

[Event "Late-Titled-Tuesday-Blitz-October-03-2023"]
[Site "Chess.com"]
[Date "2023.10.03"]
[Round "6"]
[White "wild3000"]
[Black "Let_it_be_1"]
[Result "1/2-1/2"]
[WhiteElo "2417"]
[BlackElo "2619"]
[TimeControl "180+1"]
[EndTime "15:05:11 PDT"]
[Termination "Game drawn - insufficient material"]

1. Nf3 d5 2. e3 Nf6 3. d4 e6 4.
Be2 Be7 5. O-O O-O 6. b3 Nbd7 7.
Bb2 c5 8. c4 b6 9. Nc3 Bb7 10.
cxd5 Nxd5 11. Nxd5 Bxd5 12. Rc1 Bf6 13. Ne5 cxd4 14.
Nxd7 Qxd7 15. Bxd4 e5 16. Bb2 Rfd8 17. Qc2 Rac8 18.
Qb1 Qb7 19. f3 Bg5 20. Kf2 Qe7 21. Qf5 Rxc1 22. Rxc1 f6 23. g3 Be6 24. Qc2 Rc8 25. Qd2 Rd8 26. Qc2 h5 27. h4 Bh6 28. Rd1 Rxd1 29.
Qxd1 Qc5 30. Qc1 Qd6 31. f4 exf4 32. gxf4 Bf7 33. Qc8+ Kh7 34. Bd4 Bg6 35. Qc4 Qd7 36.
Kg3 Qe7 37. Qd5 Qe8 38. Bc4 Be4 39. Qf7 Qxf7 40. Bxf7 Bg6 41. Be6 Be4 42. b4 Kg6 43. b5 Bf5 44. Bc4 Be4 45. a4 Kf5 46. a5 bxa5 47.
Bxa7 g5 48. fxg5 fxg5 49. b6 gxh4+ 50. Kxh4 Bxe3 51. Kxh5 a4 52. Bb8 Bg5 53. Be6+ Kxe6 54. Kxg5 a3 55. Kf4 Bb7 56. Be5 a2 57. Bd4 Kd5 58. Ke3 Kc4 59. Ba1 Kb3 60. Bh8 Kc2 61. Bg7 Kb1 62. Bh8 a1=Q 63. Bxa1 Kxa1 64.
Kd4 Kb2 65. Kc5 Kb3 66. Kd6 Kc4 67. Kc7 Ba6 68. Kb8 Kb5 69. Ka7 Bc8 70. b7 Bxb7 1/2-1/2

[Event "Late-Titled-Tuesday-Blitz-October-03-2023"]
[Site "Chess.com"]
[Date "2023.10.03"]
[Round "6"]
[White "mfwagnerpeixoto"]
[Black "APOKALIPSA13"]
[Result "1-0"]
[WhiteElo "2334"]
[BlackElo "2162"]
[TimeControl "180+1"]
[EndTime "15:05:14 PDT"]
[Termination "mfwagnerpeixoto won by checkmate"]

1. e4 e5 2. Nf3 f5 3. Nxe5 Qf6 4. d4 d6 5. Nc4 fxe4 6. Nc3 Bf5 7.
Ne3 Nc6 8. Ncd5 Qf7 9. Bc4 Na5 10. Be2 Be6 11. Nc3 d5 12. O-O a6 13. f3 exf3 14.
Bxf3 O-O-O 15. Bxd5 Nf6 16. Bxe6+ Qxe6 17. d5 Qb6 18.
Kh1 Bb4 19. Qf3 Rhe8 20. Bd2 Bxc3 21. bxc3 Qc5 22. Nf5 Qxd5 23. Qxd5 Rxd5 24. Nxg7 Rg8 25. Rxf6 Rxd2 26. Rf7 Rxc2 27. Re1 Rxa2 28. h4 Rc2 29. Ree7 Rxc3 30. Ne6 Rc4 31. Rxc7+ Rxc7 32. Rxc7+ Kb8 33. Rxh7 Re8 34. Nc5 Re5 35. Nd7+ Ka7 36. Nxe5 Nb3 37. h5 a5 38. h6 a4 39. Nc4 Ka6 40. Rg7 b5 41.
Na3 b4 42. h7 bxa3 43. h8=Q a2 44. Qh6+ Kb5 45. Rg5+ Kb4 46. Qb6+ Ka3 47. Qf6 a1=Q+ 48. Qxa1+ Nxa1 49. g4 Kb4 50. Rg8 Nb3 51. Rb8+ Kc5 52. Ra8 Kb4 53. g5 Na5 54. Rb8+ Kc5 55. Rb1 Nb3 56.
g6 Kd6 57. g7 Nd2 58. Rd1 Ke7 59. Rxd2 Kf7 60. Ra2 Kxg7 61. Rxa4 Kf6 62. Kg2 Ke6 63. Kf2 Kd5 64. Ra2 Kc6 65. Re2 Kb5 66. Ke3 Kb4 67. Ke4 Kc5 68. Re3 Kd6 69. Rd3+ Kc6 70. Rd5 Kb6 71. Kd4 Kc7 72. Kc5 Kb7 73. Rd7+ Kc8 74. Kc6 Kb8 75. Rc7 Ka8 76. Kb6 Kb8 77. Rc6 Ka8 78.
Rc8# 1-0

[Event "Late-Titled-Tuesday-Blitz-October-03-2023"]
[Site "Chess.com"]
[Date "2023.10.03"]
[Round "6"]
[White "Nf3c5"]
[Black "WindWhistler11"]
[Result "0-1"]
[WhiteElo "2585"]
[BlackElo "2474"]
[TimeControl "180+1"]
[EndTime "15:05:15 PDT"]
[Termination "WindWhistler11 won on time"]

1. d4 Nf6 2. c4 e6 3. Nc3 c5 4. d5 exd5 5. cxd5 Bd6 6. e4 O-O 7. Bd3 Bc7 8. Nf3 d6 9. h3 a6 10. a4 Nbd7 11. O-O Re8 12. Bf4 Nf8 13. Bh2 Ng6 14.
Qd2 Rb8 15. Rfe1 Bd7 16. Rab1 b5 17. axb5 axb5 18. b4 c4 19. Bc2 Nh5 20. Ra1 Qf6 21.
Qd4 Ne5 22. Nxe5 dxe5 23. Qd2 Bd6 24. Ra6 Qe7 25. Na2 Bc8 26. Ra5 Qf6 27. Bd1 Nf4 28.
Bg4 Qg5 29. Bxf4 exf4 30. Bxc8 Rexc8 31. e5 Bxe5 32. d6 Rd8 33. Qd5 f3 34. Qxf3 Bxd6 35. Ra7 Rf8 36. Rd1 Be5 37. g3 Rbd8 38. Rxd8 Qxd8 39. Nc3 Bxc3 40. Qxc3 Qd5 41. Qe3 h6 42. Rc7 Ra8 43. Qe1 Qd4 44. Kg2 Kh7 45. Qe2 Qd5+ 46.
Qf3 Qxf3+ 47. Kxf3 Ra4 48. Rxf7 Rxb4 49. Rc7 Rb3+ 50.
Ke4 Rb2 51. f4 Rb3 52. g4 Rxh3 53. Rc5 Rb3 54. f5 c3 55. Rc7 Kg8 56. Ke5 b4 57. Ke6 Rb2 58. Rc8+ Kh7 59. f6 Re2+ 60. Kf7 Rf2 61. g5 hxg5 62. Rc4 Rxf6+ 63. Ke7 Rf4 64. Rc8 Kg6 65. Ke6 Rf3 66. Ke5 b3 67. Ke4 b2 68. Rb8 Rf6 69. Rb3 c2 0-1

[Event "Late-Titled-Tuesday-Blitz-October-03-2023"]
[Site "Chess.com"]
[Date "2023.10.03"]
[Round "6"]
[White "Haykoooo0o"]
[Black "jimis98"]
[Result "0-1"]
[WhiteElo "2449"]
[BlackElo "2690"]
[TimeControl "180+1"]
[EndTime "15:05:17 PDT"]
[Termination "jimis98 won by resignation"]

1. d4 e6 2. Nf3 b6 3. e3 Ba6 4. Bd3 Bxd3 5. Qxd3 d5 6. Ne5 Nf6 7. Nd2 c5 8. Qb5+ Nbd7 9. Ndf3 a6 10. Qc6 Qc8 11.
Qxc8+ Rxc8 12. Nxd7 Nxd7 13. c3 Bd6 14. O-O f5 15. Bd2 h6 16. Rfc1 c4 17. Ne1 g5 18.
f3 Nf6 19. Nc2 Kd7 20. h3 h5 21. Kf2 g4 22. hxg4 hxg4 23. Rh1 Rcg8 24. Rag1 Rh2 25. Rxh2 g3+ 26. Kf1 gxh2 27. Rh1 Nh5 28. Be1 Bg3 29. Bf2 b5 30. Na3 Kc6 31. Nb1 a5 32. a3 b4 33. axb4 axb4 34. Ke2 Kb5 35. Nd2 Bd6 36.
f4 Rxg2 37. Kf3 Rg6 38. Rxh2 Nf6 39. Rh8 Ne4 40. Nxe4 fxe4+ 41. Ke2 b3 42. Re8 Kc6 43. Rc8+ Kd7 44. Ra8 Rh6 45. Kf1 Rh1+ 46. Bg1 Rh3 47.
Kg2 Rh7 48. Bf2 Rg7+ 49. Bg3 Rf7 50. Ra7+ Ke8 51. Ra8+ Kd7 52. Ra7+ Ke8 53. Ra8+ Ke7 54.
Bh4+ Kd7 55. Ra7+ Bc7 56. Bg3 Kc6 57. Ra6+ Bb6 58. Ra8 Ra7 59. Rxa7 Bxa7 60. Be1 Bb8 61. Kg3 Bd6 62. Kg2 Ba3 63. Bd2 Bxb2 64. f5 Ba1 65. f6 Kd7 66. Bc1 Ke8 67. Ba3 Kf7 68. Kf2 b2 69. Bxb2 Bxb2 0-1

[Event "Late-Titled-Tuesday-Blitz-October-03-2023"]
[Site "Chess.com"]
[Date "2023.10.03"]
[Round "6"]
[White "vugarrasulov"]
[Black "GM_dmitrij"]
[Result "1-0"]
[WhiteElo "2968"]
[BlackElo "3048"]
[TimeControl "180+1"]
[EndTime "15:05:18 PDT"]
[Termination "vugarrasulov won by resignation"]

1. e4 e5 2. Nf3 Nc6 3. Nc3 Nf6 4. Bb5 Bd6 5. O-O O-O 6. d3 h6 7. Ne2 Ne7 8. Ng3 c6 9. Bc4 Bc7 10. Bb3 d5 11. h3 Ng6 12. c3 Be6 13. Re1 Qd7 14.
d4 Nxe4 15. Nxe4 dxe4 16. Rxe4 f5 17. Re1 e4 18. Nd2 Nf4 19. Nf1 Nd3 20. Bxe6+ Qxe6 21.
Qxd3 Rae8 22. Qc2 Qg6 23. Qb3+ Kh7 24. Qxb7 Rf7 25. Qa6 f4 26. d5 e3 27. Nxe3 Bb6 28. dxc6 Rfe7 29. Qe2 Qxc6 30. Qg4 fxe3 31. Bxe3 Bxe3 32.
Rxe3 Rxe3 33. fxe3 Qb6 34. Qe2 Rxe3 35. Qf2 Qe6 36.
Rf1 Re2 37. Qf5+ Qxf5 38. Rxf5 Rxb2 39. a4 Rc2 40. Rc5 Kg6 41. a5 a6 42. Kh2 h5 43.
Kg3 Kh6 44. Kf3 h4 45. g3 hxg3 46. Kxg3 g5 47. Kg4 Rg2+ 48. Kf5 Rf2+ 49. Ke5 Rf3 50. Rc6+ Kh5 51. c4 Rxh3 52. Rxa6 Ra3 53. Ra8 g4 54. Kf4 Rf3+ 55. Ke4 Ra3 56. c5 g3 57. c6 Rc3 58.
Kd5 Rd3+ 59. Kc5 Rc3+ 60. Kb6 Rb3+ 61. Kc7 Kg4 62. a6 Ra3 63. a7 g2 64. Rg8+ Kf3 65.
Kb7 Rb3+ 66. Ka8 Rc3 67. Rxg2 Kxg2 68. Kb7 Rb3+ 69. Ka6 Ra3+ 70. Kb6 Rb3+ 71. Kc5 Rc3+ 72. Kb4 Rxc6 73. a8=Q 1-0

[Event "Late-Titled-Tuesday-Blitz-October-03-2023"]
[Site "Chess.com"]
[Date "2023.10.03"]
[Round "6"]
[White "Grischuk"]
[Black "Lennis93"]
[Result "1-0"]
[WhiteElo "3001"]
[BlackElo "2711"]
[TimeControl "180+1"]
[EndTime "15:05:19 PDT"]
[Termination "Grischuk won by resignation"]

1. d4 Nf6 2. c4 b6 3. Nf3 Bb7 4. g3 Bxf3 5. exf3 e6 6. Bd3 Bb4+ 7. Kf1 O-O 8. a3 Be7 9. Nc3 d5 10. cxd5 Nxd5 11. Nxd5 exd5 12. h4 Nd7 13. Bc2 Re8 14.
Qd3 Nf8 15. b4 c6 16. Kg2 b5 17. Bd2 Qb6 18. g4 Bf6 19. Be3 a5 20. g5 Be7 21.
Bd2 axb4 22. axb4 Bd6 23. Ra5 Rxa5 24. bxa5 Qc7 25. Qf5 g6 26. Qg4 b4 27. h5 Qxa5 28.
hxg6 fxg6 29. Be3 Qa2 30. Bb1 Qa7 31. f4 c5 32. f5 c4 33. fxg6 hxg6 34. Rh6 Qf7 35. Qh3 Qe6 36. Rh8+ Kf7 37. Qf3+ Ke7 38. Bf4 b3 39. Bxd6+ Qxd6 40. Rg8 Kd8 41. Qf7 Qe6 42. Rxf8 Qxf7 43. Rxf7 c3 44. Rf3 c2 45. Bxc2 bxc2 46. Rc3 Re2 47. Kf3 Re6 48. Rxc2 Kd7 49. Re2 Ra6 50.
Kf4 Rb6 51. f3 Kd6 52. Ra2 Rc6 53. Ra8 Ke6 54. Rf8 Rc4 55. Rf6+ Ke7 56. Ke5 Rc1 57. Rxg6 Re1+ 58. Kxd5 Rg1 59. f4 Rg4 60. Ke5 Kf7 61.
Rf6+ Ke7 62. d5 Rg1 63. d6+ Ke8 64. Re6+ Kd8 65. Kf6 Rh1 66. f5 Kd7 67. g6 Rg1 68.
g7 Rg5 69. Kxg5 1-0

[Event "Late-Titled-Tuesday-Blitz-October-03-2023"]
[Site "Chess.com"]
[Date "2023.10.03"]
[Round "6"]
[White "Cambek64"]
[Black "Sacbutt"]
[Result "1-0"]
[WhiteElo "2454"]
[BlackElo "2253"]
[TimeControl "180+1"]
[EndTime "15:05:19 PDT"]
[Termination "Cambek64 won by checkmate"]

1. b3 e5 2. Bb2 Nc6 3. e3 d5 4.
Bb5 Bd6 5. Nf3 Qe7 6. d4 exd4 7. Nxd4 Bd7 8. Nd2 Nf6 9. Qe2 Nxd4 10. Bxd7+ Qxd7 11. Bxd4 Qe7 12. O-O O-O 13. Rad1 c5 14. Bxf6 Qxf6 15.
Nf3 Rad8 16. c4 dxc4 17. Qxc4 b6 18. Rd2 Bc7 19. Rfd1 Rxd2 20. Rxd2 Rd8 21. Rxd8+ Qxd8 22. g3 h6 23. h4 g6 24. Kg2 Qa8 25. e4 Qd8 26. a4 Qd6 27. Ne1 Qe5 28. Nd3 Qf6 29. Qd5 a5 30. Qd7 Qd8 31. Qxd8+ Bxd8 32. e5 g5 33. h5 Bc7 34. Kf3 f6 35. e6 f5 36. g4 fxg4+ 37. Kxg4 Bd6 38. Kf5 Kg7 39. f3 Kg8 40. Nb2 Kf8 41. Nc4 Bc7 42. Kg6 Ke7 43. Kxh6 Kxe6 44. Kxg5 Bd8+ 45. Kg6 Kd5 46. h6 Ke6 47. h7 Bf6 48. Nxb6 Bh8 49. Nc4 Kd5 50. Nxa5 Kd4 51. f4 Ke4 52. f5 Ke5 53. Nb7 c4 54.
bxc4 Kd4 55. c5 Kd5 56. a5 Kc6 57. a6 Kc7 58. f6 Kc6 59. f7 Bg7 60. Kxg7 Kb5 61.
f8=Q Kb4 62. Qd6 Ka3 63. c6+ Kb2 64. c7 Kc1 65. c8=Q+ Kb1 66. Qb6+ Ka2 67. Qc2+ Ka3 68. Qcb3# 1-0

[Event "Late-Titled-Tuesday-Blitz-October-03-2023"]
[Site "Chess.com"]
[Date "2023.10.03"]
[Round "6"]
[White "ural58"]
[Black "jaskol95"]
[Result "1-0"]
[WhiteElo "2531"]
[BlackElo "2629"]
[TimeControl "180+1"]
[EndTime "15:05:21 PDT"]
[Termination "ural58 won by checkmate"]

1. e4 d5 2. exd5 Nf6 3. d4 Bg4 4. f3 Bf5 5. g4 Bg6 6. c4 e6 7.
Nc3 exd5 8. g5 Nfd7 9. cxd5 Be7 10. h4 h6 11. gxh6 gxh6 12. h5 Bh4+ 13. Ke2 Qe7+ 14. Be3 Bg5 15. Qd2 Nb6 16. b3 Bf5 17. Re1 Bh4 18. Rxh4 Qxh4 19. Bf2 Qxh5 20. Kd1+ Kd8 21.
Qf4 N8d7 22. Nge2 Bg6 23. a4 Nxd5 24. Qh4+ N5f6 25. Nf4 Qg5 26. Bb5 c6 27. Bc4 Kc7 28. Rg1 Qf5 29. Bd3 Qa5 30. Nxg6 fxg6 31. Bg3+ Kb6 32. Kc2 Nd5 33. Nxd5+ Qxd5 34. Bc4 Qf5+ 35. Kb2 a6 36. d5 Ka7 37. Bf2+ c5 38. Qe7 Qe5+ 39.
Qxe5 Nxe5 40. Bxc5+ b6 41. Bd4 Nxc4+ 42. bxc4 Rac8 43. Bxh8 Rxh8 44. Rxg6 Rc8 45. Kc3 Rf8 46. Kd4 Rxf3 47. Rg7+ Ka8 48. d6 Kb8 49. Kd5 Rf4 50. Rg8+ Kb7 51. d7 Rf5+ 52. Ke6 Rc5 53. d8=Q Rc6+ 54.
Kd5 Rc5+ 55. Kd4 a5 56. Qa8+ Kc7 57. Rg7+ Kd6 58. Qd8+ Ke6 59. Qd7+ Kf6 60. Qe7+ Kf5 61. Qxc5+ bxc5+ 62. Kxc5 h5 63. Rh7 Kg6 64. Rxh5 Kxh5 65. Kb6 Kg6 66. c5 Kf7 67. c6 Ke6 68. Kb7 Kd5 69. c7 Kc5 70. c8=Q+ Kb4 71. Qe8 Kc5 72. Qb5+ Kd6 73. Qxa5 Kd7 74. Qb6 Ke8 75. a5 Kd7 76. a6 Ke7 77. a7 Kd7 78. Ka6 Ke7 79. a8=Q Kd7 80. Qaa7+ Kc8 81. Qbb8# 1-0

[Event "Late-Titled-Tuesday-Blitz-October-03-2023"]
[Site "Chess.com"]
[Date "2023.10.03"]
[Round "6"]
[White "WilliamAlfaroCaracas"]
[Black "Defenstrator"]
[Result "0-1"]
[WhiteElo "2219"]
[BlackElo "2433"]
[TimeControl "180+1"]
[EndTime "15:05:23 PDT"]
[Termination "Defenstrator won on time"]

1. e4 c6 2. Nf3 d5 3. exd5 cxd5 4. d4 Nc6 5. c4 e5 6. dxe5 d4 7. Bf4 Nge7 8. Bd3 Ng6 9. Bxg6 hxg6 10. O-O Bg4 11.
h3 Be6 12. Nbd2 Qd7 13. Ng5 Bf5 14. Qf3 Be7 15. Nge4 O-O-O 16. Nd6+ Bxd6 17. exd6 Bxh3 18. gxh3 Rxh3 19. Qg2 Rdh8 20. Bg3 f5 21. Rfe1 d3 22. Nf3 Rh1+ 23. Qxh1 Rxh1+ 24. Kxh1 f4 25. Bxf4 Qh3+ 26.
Nh2 Nd4 27. Re8+ Kd7 28. Re7+ Kd8 29. Rae1 d2 30. Bxd2 Nf3 31. Re8+ Kd7 32. R1e7+ Kxd6 33. Bf4+ Kc5 34. Rc7+ Kb6 35. c5+ Ka6 36. Re3 Qf5 37. Rxf3 Qb1+ 38. Kg2 Qxb2 39. Rxg7 Qxg7 40. Ra3+ Kb5 41.
Rb3+ Kxc5 42. Be3+ Kc4 43. Nf3 b5 44. Nd2+ Kd5 45. Rxb5+ Kc6 46. Rc5+ Kb7 47. Rc4 a5 48. Rc5 a4 49. Nc4 Qe7 50. Na5+ Ka6 51. Nc6 Qe4+ 52.
Kg1 Qb1+ 53. Kg2 Qe4+ 54. Kh2 Qh4+ 55. Kg1 Qg4+ 56. Kf1 Qd1+ 57. Kg2 Kb7 58. Na5+ Kb8 59. Bf4+ Ka7 60. Rc7+ Kb6 61. Nc4+ Kb5 62. Nd6+ Kb6 63.
Rc4 Qd5+ 64. Re4 g5 65. Nc4+ Kc5 66. Be3+ Kc6 67. Na5+ Qxa5 68. Re6+ Kd7 69. Rg6 Qd5+ 0-1

[Event "Late-Titled-Tuesday-Blitz-October-03-2023"]
[Site "Chess.com"]
[Date "2023.10.03"]
[Round "6"]
[White "MikaelyanArman"]
[Black "Joshukid"]
[Result "1-0"]
[WhiteElo "2847"]
[BlackElo "2563"]
[TimeControl "180+1"]
[EndTime "15:05:35 PDT"]
[Termination "MikaelyanArman won by checkmate"]

1. e4 g6 2. h4 Bg7 3. h5 c6 4.
d4 d5 5. e5 c5 6. dxc5 Bxe5 7.
Nf3 Bf6 8. c4 Qa5+ 9. Nc3 dxc4 10. Be3 Bg4 11. hxg6 hxg6 12. Rxh8 Bxh8 13. Rc1 Nc6 14.
Bxc4 Ne5 15. Be2 Nxf3+ 16. Bxf3 Rd8 17. Qb3 Bxf3 18. gxf3 Qc7 19. Qa4+ Qc6 20. Qxc6+ bxc6 21. b4 Bxc3+ 22. Rxc3 a6 23. Ra3 Ra8 24. Bd4 Nh6 25. Ke2 Nf5 26. Bc3 f6 27. f4 Kf7 28. Kd3 e6 29. Kc4 Ne7 30. Bd2 Nd5 31. Rh3 Kg7 32. Ra3 Nc7 33. Rd3 Nd5 34. a4 Rb8 35. Rb3 Nc7 36. Be3 Rd8 37. Bd4 Rd5 38.
Rg3 Rf5 39. Be3 Rd5 40. Rg1 Kf7 41. Rh1 Kg7 42. Re1 Kf7 43. Rb1 Kg7 44. Rh1 Rf5 45.
Rg1 Rd5 46. Rb1 Kf7 47. Ra1 Kg7 48. f3 Kf7 49. Rh1 Kg7 50. Rg1 Kf7 51. Bd4 Rf5 52. Rg4 Rh5 53. Rg1 Rh3 54. Rf1 Rh4 55. Be3 g5 56. Rd1 Ke7 57. Kb3 gxf4 58. Bd4 Rh3 59. Rd3 e5 60. Bc3 e4 61. Rd6 Rxf3 62. Kc4 e3 63.
Bxf6+ Ke8 64. Bh4 e2 65. Rd8+ Kf7 66. Rd7+ Kg6 67. Rxc7 Re3 68. Be1 Re6 69. Kd3 f3 70.
Rd7 Kf5 71. Rd6 Rxd6+ 72. cxd6 Ke6 73. Ke3 Kxd6 74. Kxf3 c5 75. b5 axb5 76. axb5 Kc7 77. Ba5+ Kd6 78. Kxe2 c4 79. Bb4+ Kd5 80. Kd2 Kd4 81.
Kc2 c3 82. b6 Kc4 83. b7 Kxb4 84. b8=Q+ Ka3 85. Qb5 Ka2 86. Qa4# 1-0

[Event "Late-Titled-Tuesday-Blitz-October-03-2023"]
[Site "Chess.com"]
[Date "2023.10.03"]
[Round "6"]
[White "zverr1"]
[Black "Veiso"]
[Result "0-1"]
[WhiteElo "2515"]
[BlackElo "2434"]
[TimeControl "180+1"]
[EndTime "15:05:38 PDT"]
[Termination "Veiso won by checkmate"]

1. e4 g6 2. d4 Bg7 3. Nc3 d6 4. Be3 a6 5. a4 Nc6 6. h3 e5 7. Nge2 exd4 8. Nxd4 Nge7 9. g4 O-O 10.
Bg2 Nxd4 11. Bxd4 Be6 12. O-O Nc6 13. Bxg7 Kxg7 14. Qd2 Qf6 15. Rad1 g5 16. b3 Ne5 17.
Ne2 Ng6 18. Ng3 Nf4 19. Rfe1 Qe5 20. Qd4 Qxd4 21. Rxd4 Rad8 22. Kh2 b5 23. a5 Rh8 24. Ne2 Nxe2 25. Rxe2 h5 26. Kg3 hxg4 27. hxg4 Rh4 28. f3 Rhh8 29. Red2 f6 30. Rd1 Kf7 31. R4d2 Ke7 32.
Bf1 Rh1 33. Bg2 Rxd1 34. Rxd1 Rh8 35. Rd2 c5 36. Bf1 Rh1 37. Kg2 Rh4 38. Be2 Rh8 39. Rd1 Rh7 40. Rb1 Rh8 41. Bd3 Rh6 42. Rc1 Rh8 43. Ra1 Rh6 44. Kf2 Rh2+ 45. Ke3 Kd7 46. Be2 Kc6 47. Kd2 d5 48. Ke3 d4+ 49. Kd2 c4 50. bxc4 bxc4 51. Ke1 Rh1+ 52. Bf1 c3 53. Kf2 Rh2+ 54. Bg2 Bc4 55. Kg3 Rh7 56. Ra4 Kc5 57. Ra1 Bb5 58. Rd1 Rd7 59. Bf1 Bxf1 60. Rxf1 d3 61.
cxd3 Rxd3 62. Rc1 Kd4 63. Kf2 Rd2+ 64. Kg3 Kd3 65. f4 gxf4+ 66. Kxf4 c2 67. Kf5 Rf2+ 68. Ke6 Kxe4 69. Kd6 Kd3 70. Kc6 Kd2 71. Ra1 c1=Q+ 72. Rxc1 Kxc1 73. Kb6 Rf4 74. g5 fxg5 75. Kxa6 Rf5 76.
Kb6 g4 77. a6 Rf6+ 78. Kb7 Rxa6 79. Kxa6 g3 80. Kb5 g2 81. Kb4 g1=Q 82. Ka3 Qe3+ 83.
Ka2 Kc2 84. Ka1 Qa3# 0-1

[Event "Late-Titled-Tuesday-Blitz-October-03-2023"]
[Site "Chess.com"]
[Date "2023.10.03"]
[Round "6"]
[White "ETTrainer"]
[Black "Mariia89"]
[Result "1-0"]
[WhiteElo "2279"]
[BlackElo "2053"]
[TimeControl "180+1"]
[EndTime "15:05:40 PDT"]
[Termination "ETTrainer won by resignation"]

1. d4 Nf6 2. Bf4 c5 3. d5 d6 4. Nc3 g6 5. e4 Bg7 6. Bb5+ Bd7 7. a4 a6 8. Be2 Qa5 9. Qd2 Nh5 10. Bxh5 gxh5 11. Nge2 b5 12. O-O b4 13. Nd1 Qc7 14.
c3 a5 15. Ne3 Na6 16. Ng3 h4 17. Ngf5 Bxf5 18. Nxf5 Bf6 19. Rfe1 O-O-O 20. Qe2 Kb7 21.
Rab1 e5 22. dxe6 fxe6 23. Qb5+ Ka7 24. Ne3 bxc3 25. bxc3 Bxc3 26. Red1 Bd4 27. Qc4 Bxe3 28. Bxe3 e5 29. Rb5 Nb4 30. Rb1 Rb8 31. h3 Rxb5 32.
Qxb5 Rb8 33. Qc4 Rb6 34. Rd1 Qb7 35. f3 Qb8 36. Qf7+ Qb7 37. Qxb7+ Rxb7 38. Rxd6 Rc7 39. Re6 Nd3 40. Kf1 Kb7 41. Ke2 Nb2 42. Rxe5 Nxa4 43.
Kd2 c4 44. Kc2 c3 45. Rb5+ Ka6 46. Rh5 Rb7 47. Rh6+ Nb6 48. Kxc3 Rc7+ 49. Kb3 Rb7 50. Rxb6+ Rxb6+ 51. Bxb6 Kxb6 52. Ka4 h6 53. f4 Kc5 54. f5 Kd6 55. Kxa5 Ke5 56. Kb4 Kf4 57. f6 Kg3 58.
f7 Kxg2 59. f8=Q Kxh3 60. Qxh6 Kh2 61. e5 Kg2 62. e6 h3 63. e7 h2 64. e8=Q 1-0

[Event "Late-Titled-Tuesday-Blitz-October-03-2023"]
[Site "Chess.com"]
[Date "2023.10.03"]
[Round "6"]
[White "BigAl"]
[Black "dedpihto_v_kozhanom_palto"]
[Result "1-0"]
[WhiteElo "2556"]
[BlackElo "2692"]
[TimeControl "180+1"]
[EndTime "15:05:41 PDT"]
[Termination "BigAl won by checkmate"]

1. Nf3 g6 2. g3 Bg7 3. Bg2 Nf6 4.
O-O O-O 5. d3 d6 6. e4 e5 7. Nc3 Nc6 8. a4 Ne8 9. a5 a6 10. h3 f5 11. exf5 gxf5 12. Ng5 Nf6 13. f4 h6 14. Nf3 Be6 15. fxe5 dxe5 16. Nh4 Qd7 17. Kh2 Rae8 18. Be3 Rf7 19. Qd2 Kh7 20.
Na4 Nd5 21. Nc5 Qc8 22. Nxe6 Nxe3 23. Qxe3 Qxe6 24. Nxf5 Ref8 25. Nxg7 Kxg7 26. Rxf7+ Rxf7 27. Re1 Kf8 28. c3 Qd6 29. b4 Rf6 30. Re2 Rf5 31.
Be4 Rf6 32. Bxc6 Qxc6 33. Qxe5 Rf1 34. Qh8+ Kf7 35. Qh7+ Kf8 36. Qe7+ Kg8 37. Qe6+ Qxe6 38. Rxe6 Rf2+ 39. Kg1 Rc2 40. c4 Rb2 41. Re7 Rxb4 42.
Rxc7 Rb3 43. Kf2 Rxd3 44. Rxb7 Rc3 45. Rc7 Ra3 46. Rc6 Rxa5 47. Rxh6 Ra3 48. Rc6 a5 49. h4 a4 50. h5 Rc3 51. c5 a3 52. Ra6 Rc2+ 53.
Kf3 a2 54. g4 Kh8 55. g5 Kg8 56. Kg4 Rc4+ 57. Kf3 Rc2 58. c6 Kh8 59. Kf4 Kg8 60. Kf5 Rc5+ 61. Kg6 Kf8 62. Ra8+ Ke7 63. Rxa2 Rxc6+ 64. Kh7 Rc7 65. g6 Kf6+ 66. Kh6 Rc8 67. Rf2+ Ke5 68. g7 Ke6 69. Rf8 Rc7 70. g8=Q+ Kd6 71.
Qg6+ Kc5 72. Rf5+ Kb4 73. Qg4+ Rc4 74. Qxc4+ Kxc4 75. Kg6 Kd4 76. h6 Ke4 77. h7 Kd3 78. h8=Q Kc4 79. Qe8 Kd4 80. Rf7 Kc4 81. Rd7 Kc5 82.
Qc8+ Kb6 83. Rb7+ Ka6 84. Qa8# 1-0